 Dungeon Crawl Stone Soup version 0.30.0-15-g856e2d3f33 (webtiles) character file.

Game seed: 9559165431878416434

394 qw the Chopper (level 6, -2/38 HPs)
             Began as a Gargoyle Fighter on May 19, 2023.
             Killed by divine providence
             ... invoked by an orc priest
              (13 damage)
             ... on level 4 of the Dungeon.
             The game lasted 00:01:14 (2205 turns).

qw the Chopper (Gargoyle Fighter)                   Turns: 2205, Time: 00:01:15

Health: -2/38      AC: 13    Str: 21    XL:     6   Next: 81%
Magic:  6/6        EV:  7    Int:  9    God:
Gold:   85         SH:  0    Dex:  9    Spells: 5/5 levels left

rFire   . . .        Y - +0 war axe (protect)
rCold   . . .        c - +0 buckler
rNeg    + + .        g - +0 chain mail
rPois   inf          (no helmet)
rElec   +            (no cloak)
rCorr   .            (no gloves)
SInv    .            (no boots)
Will    .....        k - amulet of reflection Stlth
                     l - ring of positive energy
HPRegen 0.26/turn    (no ring)
MPRegen 0.10/turn

%: reflection
@: confused
A: sickness immunity, AC +4, negative energy resistance 1, electricity
resistance, torment resistance 1, petrification resistance
a: no special abilities


You were on level 4 of the Dungeon.
You visited 1 branch of the dungeon, and saw 4 of its levels.

You collected 155 gold pieces.
You spent 70 gold pieces at shops.


Innate Abilities, Weirdness & Mutations

You are immune to sickness and miasma.
Your stone body is resilient. (AC +4)
You are immune to poison.
You resist negative energy. (rN+)
You are resistant to electric shocks. (rElec)
You are resistant to unholy torment.
You are immune to petrification.


   Skills:
 - Level 4.0 Fighting
 + Level 5.9 Axes
 - Level 1.2 Throwing
 - Level 3.2 Armour
 - Level 3.2 Shields


You had 5 spell levels left.
You didn't know any spells.
Your spell library was empty.

Inventory:

Hand Weapons
 f - a +0 flail
 Y - a +0 war axe of protection (weapon)
Armour
 c - a +0 buckler (worn)
 g - a +0 chain mail (worn)
Jewellery
 k - an amulet of reflection (around neck)
 l - a ring of positive energy (left hand)
Scrolls
 m - a scroll of identify
Potions
 a - a potion of curing {unknown}
 b - a potion of lignification {unknown}
 d - 2 potions of might
 e - a potion of mutation {unknown}
 h - a potion of attraction

Dungeon Overview and Level Annotations

Branches:
Dungeon (4/15)
 Temple: D:4-7

Altars:

Shops:
D:2 *(?


Message History

The orc priest hits you but does no damage.
The orc wizard hits you but does no damage.
The orc wizard barely misses you.
The orc priest hits you but does no damage.
You feel less confused. The orc priest closely misses you.
The orc wizard hits you but does no damage.
You hit the orc wizard.
Your weapon exudes an aura of protection.
The orc wizard is heavily wounded.
You closely miss the orc priest.
The orc priest mumbles some strange prayers to Beogh against you.
Pain shoots through your body!
The orc wizard hits you but does no damage.
You miss the orc wizard.
The orc wizard is heavily wounded.
You hit the orc priest. The orc priest completely misses you.
The orc wizard hits you but does no damage. x2
The orc priest calls upon Beogh to heal the orc wizard.
The orc wizard is healed somewhat.
You hit the orc wizard.
The orc wizard is moderately wounded.
You hit the orc priest but do no damage.
The orc wizard hits you but does no damage.
You block the orc priest's attack.
You barely miss the orc wizard.
The orc wizard is moderately wounded.
You closely miss the orc priest.
The orc wizard gestures at you while chanting.
You are confused.
The orc priest hits you with a +0 club.
The orc priest miscasts a cantrip.
The orc wizard barely misses you. The orc wizard casts a spell at you.
You resist with some effort. The orc priest barely misses you.
The orc wizard hits you but does no damage.
The orc priest calls down the wrath of Beogh upon you.
Beogh smites you!
You die...

##...##.......#.##
##.............>..#
#.........##.#...##
#..###....#..#...###
##.###.......#.....# .
##..#.........##..###...
#......###.......###....
##......##..###..)$...(#
........##..# #.@o......
............. ##o)......
............ #........
#.#......... ....#....
#.#......... ....#....
#..#......# .....# ...
...#.#....# ...... ..
#.........# ...>...#
#.........# #.....


You could see an orc priest and an orc wizard.

Vanquished Creatures
  Grinder (D:3)
  An orc priest (D:3)
  An iguana (D:4)
  3 adders
  7 gnolls (D:2)
  5 orcs
  6 bats
  5 endoplasms
  2 giant cockroaches
  3 goblins
  3 hobgoblins
  8 quokkas
  6 ball pythons
  A frilled lizard (D:1)
  5 kobolds
  3 rats
60 creatures vanquished.

Notes
Turn   | Place    | Note
-------+----------+-------------------------------------------
     0 | D:1      | qw the Gargoyle Fighter began the quest for the Orb.
     0 | D:1      | Reached XP level 1. HP: 14/14 MP: 1/1
     0 | D:1      | 0 ||| qw: Version: 0.2-a-96-g8eb1148
     0 | D:1      | 0 ||| qw: Game counter: 9
     0 | D:1      | 0 ||| qw: Always use a shield: true
     0 | D:1      | 0 ||| qw: God list: Okawaru
     0 | D:1      | 0 ||| qw: Allow faded altars: false
     0 | D:1      | 0 ||| qw: Do Orc after D:15 true
     0 | D:1      | 0 ||| qw: Do second Lair branch before Depths: true
     0 | D:1      | 0 ||| qw: Lair rune preference: random
     0 | D:1      | 0 ||| qw: Plans: Normal, Zot:1-4, God:TSO, Crypt, Tomb,
                  | Pan, Slime:5, Hells, Abyss, Win
     0 | D:1      | 0 ||| PLANNING D:1-11
    34 | D:1      | Reached skill level 2 in Axes
   124 | D:1      | Reached XP level 2. HP: 13/19 MP: 2/2
   162 | D:1      | Found a faded altar of an unknown god.
   269 | D:1      | 269 ||| Stepping ~*~*~tactically~*~*~ (stealth).
   272 | D:1      | 272 ||| Stepping ~*~*~tactically~*~*~ (stealth).
   273 | D:1      | 273 ||| Stepping ~*~*~tactically~*~*~ (stealth).
   462 | D:1      | Reached skill level 3 in Axes
   467 | D:1      | 467 ||| Stepping ~*~*~tactically~*~*~ (stealth).
   592 | D:1      | 592 ||| DROPPING amulet of magic regeneration.
   593 | D:1      | 593 ||| UPGRADING to amulet of reflection.
   598 | D:1      | 598 ||| UPGRADING to ring of positive energy.
   599 | D:1      | 599 ||| READING 3 scrolls labelled XESIUN CIOWE.
   600 | D:1      | 600 ||| DROPPING 2 scrolls of magic mapping.
   642 | D:2      | Reached XP level 3. HP: 23/23 MP: 3/3
   915 | D:2      | 915 ||| Stepping ~*~*~tactically~*~*~ (hiding).
   917 | D:2      | 917 ||| Stepping ~*~*~tactically~*~*~ (hiding).
   925 | D:2      | Reached skill level 1 in Throwing
   967 | D:2      | Reached XP level 4. HP: 28/28 MP: 4/4
  1026 | D:2      | 1026 ||| DROPPING +0 club.
  1028 | D:2      | Found The Oracle's Delphic Readings.
  1032 | D:2      | 1032 ||| BUYING scroll of identify (24 gold).
  1032 | D:2      | Bought a scroll of identify for 24 gold pieces
  1032 | D:2      | 1032 ||| BUYING scroll of identify (24 gold).
  1032 | D:2      | Bought a scroll of identify for 24 gold pieces
  1071 | D:2      | HP: 7/28 [gnoll/+0 spear (6)]
  1072 | D:2      | HP: 3/28 [gnoll/+0 halberd (5)]
  1073 | D:2      | Reached skill level 4 in Axes
  1200 | D:2      | Found Awappyst's General Store.
  1206 | D:2      | Found Qanusteu's Weapon Shop.
  1210 | D:2      | 1210 ||| SHOPLISTING +0 cloak (49 gold, have 27).
  1210 | D:2      | 1210 ||| BUYING scroll of identify (22 gold).
  1210 | D:2      | Bought a scroll of identify for 22 gold pieces
  1426 | D:2      | 1426 ||| DROPPING amulet of guardian spirit.
  1427 | D:2      | 1427 ||| READING scroll labelled HOM RUINAE.
  1428 | D:2      | 1428 ||| READING 2 scrolls labelled IHYH XAOTTIT.
  1429 | D:2      | 1429 ||| READING 4 scrolls of identify.
  1429 | D:2      | 1429 ||| IDENTIFYING cyan potion
  1430 | D:2      | 1430 ||| READING 3 scrolls of identify.
  1430 | D:2      | 1430 ||| IDENTIFYING silvery potion
  1431 | D:2      | 1431 ||| READING 2 scrolls of identify.
  1431 | D:2      | 1431 ||| IDENTIFYING purple potion
  1432 | D:2      | 1432 ||| DROPPING potion of ambrosia.
  1433 | D:2      | 1433 ||| DROPPING scroll of noise.
  1472 | D:3      | Noticed Grinder
  1473 | D:3      | 1473 ||| Stepping ~*~*~tactically~*~*~ (hiding).
  1474 | D:3      | 1474 ||| Stepping ~*~*~tactically~*~*~ (hiding).
  1475 | D:3      | 1475 ||| Stepping ~*~*~tactically~*~*~ (hiding).
  1482 | D:3      | Paralysed by Grinder for 5 turns
  1501 | D:3      | HP: 6/28 [Grinder (6)]
  1502 | D:3      | 1502 ||| DRINKING potion of heal wounds.
  1506 | D:3      | Killed Grinder
  1507 | D:3      | Reached skill level 5 in Axes
  1507 | D:3      | Reached XP level 5. HP: 29/32 MP: 5/5
  1507 | D:3      | Reached XP level 6. HP: 33/37 MP: 6/6
  1522 | D:3      | 1522 ||| Stepping ~*~*~tactically~*~*~ (hiding).
  1523 | D:3      | 1523 ||| Stepping ~*~*~tactically~*~*~ (hiding).
  1539 | D:3      | 1539 ||| Stepping ~*~*~tactically~*~*~ (stealth).
  1637 | D:3      | 1637 ||| Stepping ~*~*~tactically~*~*~ (stealth).
  1640 | D:3      | 1640 ||| Stepping ~*~*~tactically~*~*~ (stealth).
  1642 | D:3      | 1642 ||| Stepping ~*~*~tactically~*~*~ (hiding).
  1819 | D:3      | 1819 ||| Stepping ~*~*~tactically~*~*~ (hiding).
  1820 | D:3      | 1820 ||| Stepping ~*~*~tactically~*~*~ (hiding).
  1821 | D:3      | 1821 ||| Stepping ~*~*~tactically~*~*~ (stealth).
  2045 | D:3      | 2045 ||| UPGRADING to +0 chain mail.
  2055 | D:3      | 2055 ||| DROPPING +0 scale mail.
  2056 | D:3      | 2056 ||| READING scroll labelled KELIUPTIGRO.
  2059 | D:3      | 2059 ||| READING scroll labelled FOMOM KURULOSA.
  2060 | D:3      | 2060 ||| READING 2 scrolls of identify.
  2060 | D:3      | 2060 ||| IDENTIFYING bubbling golden potion
  2061 | D:3      | 2061 ||| DROPPING potion of degeneration.
  2186 | D:4      | 2186 ||| Stepping ~*~*~tactically~*~*~ (hiding).
  2205 | D:4      | Killed from afar by an orc priest

Levels and vault maps discovered:
D:1:      dpeg_arrival_pits, layout_rooms,
          hellmonk_ecumenical_altar_arch_garden, minmay_misc_feat_encased,
          dk_noncrumbling_3
D:2:      layout_loops_ring, serial_shops, nicolae_shop_bloodbath_and_beyond,
          shop, nicolae_nh_oracle_at_delphi
D:3:      layout_rooms, nicolae_underground_beach, uniq_grinder
D:4:      layout_cave_pools, jmf_multi_god_temple2, minmay_temple_entry_fiery

Skill      XL: |  1  2  3  4  5  6 |
---------------+-------------------+-----
Axes           | 2 3 5 |  5.9
Throwing       | 1 |  1.2
Fighting       | 4 |  4.0
Armour         | |  3.2
Shields        | |  3.2

Action                     |  1- 3 |  4- 6 || total
---------------------------+-------+-------++-------
  Melee: War axe           |    70 |   100 ||   170
  Throw: Javelin           |    22 |    12 ||    34
    Use: Scroll            |     1 |     8 ||     9
         Potion            |       |     1 ||     1
 Armour: Scale mail        |    43 |    30 ||    73
         Chain mail        |       |    11 ||    11
  Dodge: Dodged            |    28 |    35 ||    63
  Block: Buckler           |    29 |    45 ||    74
         Reflection        |       |     1 ||     1

Table legend:
 A = Non-vault XP
 B = Vault XP
 C = Vault XP percentage of total XP
 D = Non-vault monster count
 E = Vault monster count
 F = Vault count percentage of total count
                 A         B        C        D         E       F
            +---------+---------+-------+---------+---------+-------
      Total |     303 |     260 |  46.2 |      57 |       3 |   5.0
            +---------+---------+-------+---------+---------+-------
        D:1 |      32 |       0 |   0.0 |      18 |       0 |   0.0
        D:2 |     126 |       2 |   1.6 |      15 |       2 |  11.8
        D:3 |      98 |     258 |  72.5 |      19 |       1 |   5.0
        D:4 |      47 |       0 |   0.0 |       5 |       0 |   0.0
            +---------+---------+-------+---------+---------+-------
